 Dungeon Crawl Stone Soup version 0.24.1-14-gf8d2b509d9 (webtiles) character file.

Game seed: 3187520807800787261, levelgen mode: deterministic

78 funkygono the Magician (level 4, 0/30 HPs)
             Began as a Human Wizard on May 12, 2020.
             Succumbed to a worker ant's poison
             ... on level 6 of the Dungeon on May 25, 2020.
             The game lasted 00:06:15 (2128 turns).

funkygono the Magician (Human Wizard)               Turns: 2128, Time: 00:06:16

Health: 0/30       AC:  4    Str:  8    XL:     4   Next: 61%
Magic:  4/9        EV: 11    Int: 19    God:
Gold:   100        SH:  0    Dex: 11    Spells: 5/10 levels left

rFire    . . .     SeeInvis .   l - +2 mace (drain)
rCold    . . .     Gourm    .   (no shield)
rNeg     . . .     Faith    .   c - +0 leather armour
rPois    .         Spirit   .   b - +0 hat
rElec    .         Reflect  .   (no cloak)
rCorr    .         Harm     .   m - +0 pair of gloves
MR       .....                  (no boots)
Stlth    +.........             (no amulet)
HPRegen  0.10/turn              p - ring of attention (curse)
MPRegen  0.11/turn              (no ring)

@: lethally poisoned (0 -> -4)
A: no striking features
a: no special abilities


You were on level 6 of the Dungeon.
You were hungry.

You visited 1 branch of the dungeon, and saw 6 of its levels.

You collected 100 gold pieces.

Inventory:

Hand Weapons
 e - a +0 dagger
 j - a +0 whip
 l - a +2 mace of draining (weapon)
Missiles
 f - 24 arrows
 n - 109 stones (quivered)
Armour
 a - a +0 robe
 b - a +0 hat (worn)
 c - a +0 leather armour (worn)
 m - a +0 pair of gloves (worn)
Jewellery
 p - a cursed ring of attention (left hand)
Scrolls
 k - a scroll of enchant weapon
 q - a scroll of amnesia {unknown}
 r - a scroll of identify
Potions
 g - a potion of brilliance
 i - a potion of haste {unknown}
 o - 2 potions of curing
Comestibles
 d - 5 rations
 h - a chunk of flesh


   Skills:
 + Level 0.2 Fighting
 + Level 0.6 Maces & Flails
 + Level 0.4 Armour
 + Level 2.2 Dodging
 + Level 2.3 Stealth
 + Level 3.8 Spellcasting
 + Level 1.5 Conjurations
 + Level 1.7 Summonings
 + Level 1.1 Translocations


You had 5 spell levels left.
You knew the following spells:

 Your Spells              Type           Power        Failure   Level  Hunger
a - Magic Dart            Conj           #...         11%         1    None
b - Blink                 Tloc           N/A          19%         2    ##.....
c - Call Imp              Summ           ##......     14%         2    ##.....

Your spell library contained the following spells:

 Spells                   Type           Power        Failure   Level  Hunger
 Slow                     Hex            #.......     30%         2    ##.....
 Conjure Flame            Conj/Fire      #.......     41%         3    ###....
 Mephitic Cloud           Conj/Pois/Air  #.......     43%         3    ###....


Dungeon Overview and Level Annotations

Branches:
Dungeon (6/15)
 Temple: D:4-7

Altars:


Message History

* * * LOW HITPOINT WARNING * * *
You feel sick.
The howler monkey skeleton hits you but does no damage.
The howler monkey skeleton hits you.
* * * LOW HITPOINT WARNING * * *
* * * LOW HITPOINT WARNING * * *
You feel sick. The black bear bites you.
* * * LOW HITPOINT WARNING * * *
The black bear claws you but does no damage.
The black bear completely misses you.
* * * LOW HITPOINT WARNING * * *
You feel sick. The worker ant barely misses you.
* * * LOW HITPOINT WARNING * * *
You feel sick.
Your magical contamination has completely faded away.
Found an escape hatch in the ceiling.
The worker ant barely misses you.
* * * LOW HITPOINT WARNING * * *
You feel sick.
You die...

#........
...#........
#..........#
#<.......#.##
#...........###
#...##........#
#......[....##
#...h..<...###
.#@.aZ.......##
###..Y.......#####
#........<........
#..............#..
##....#.#...$.....
#...######.....###
#.... ####..#
#.... ####


You could see a black bear, an ice beast, a worker ant and a howler monkey
skeleton.

Vanquished Creatures
  3 adders (D:2)
  A worm (D:2)
  2 dart slugs (D:2)
  2 giant cockroaches (D:2)
  10 goblins
  4 hobgoblins
  4 bats
  A frilled lizard (D:1)
  4 kobolds
  6 rats
37 creatures vanquished.

Vanquished Creatures (collateral kills)
  An adder (D:2)
  A hobgoblin (D:4)
  2 ball pythons
  A frilled lizard (D:4)
  A rat (D:2)
6 creatures vanquished.

Grand Total: 43 creatures vanquished

Notes
Turn   | Place    | Note
-------+----------+-------------------------------------------
     0 | D:1      | funkygono the Human Wizard began the quest for the Orb.
     0 | D:1      | Reached XP level 1. HP: 13/13 MP: 4/4
   306 | D:1      | Reached XP level 2. HP: 19/19 MP: 0/6
   486 | D:1      | Learned a level 2 spell: Blink
   489 | D:1      | Learned a level 2 spell: Call Imp
  1168 | D:2      | Upgraded the game from 0.24.1-11-gbbbb2193e6 to
                  | 0.24.1-14-gf8d2b509d9
  1301 | D:2      | Reached XP level 3. HP: 23/24 MP: 8/8
  1407 | D:2      | Reached XP level 4. HP: 25/30 MP: 6/9
  1692 | D:2      | Found a faded altar of an unknown god.
  2098 | D:5      | Entered Level 5 of the Dungeon
  2098 | D:5      | Noticed a hippogriff
  2106 | D:6      | Noticed an ice beast
  2106 | D:6      | Noticed a black bear
  2123 | D:6      | HP: 1/30 [poisoned by a worker ant]
  2128 | D:6      | Succumbed to a worker ant's poison

Levels and vault maps discovered:
D:1:      erik_arrival_blinker_ship, layout_loops_corners
D:2:      layout_basic, chequers_ecumenical_altar_island
D:3:      layout_rooms, nemelex_xobeh_ov_fountains_minmay, first_ration
D:4:      layout_cave_pools
D:5:      layout_cave_pools, kennysheep_ying_yang, lemuel_round_altar,
          ebering_ghost_disaster_area, serial_shops, shop
D:6:      minmay_spotlight, layout_cave_pools, okawaru_altar_gauntlet_db,
          basic_altar

Action                   |  1- 3 |  4- 6 || total
-------------------------+-------+-------++-------
Melee: Unarmed           |     7 |       ||     7
       Mace              |    24 |    30 ||    54
       Whip              |     1 |       ||     1
 Cast: Magic Dart        |    19 |       ||    19
       Call Imp          |     6 |    12 ||    18
       Blink             |     3 |       ||     3
  Use: Scroll            |     3 |       ||     3
  Eat: Chunk             |     2 |     2 ||     4
Armor: Leather armour    |    11 |    19 ||    30
Dodge: Dodged            |    29 |    46 ||    75
